 Dungeon Crawl Stone Soup version 0.30-a0-404-g0b3c3f4973 (webtiles) character file.

Game seed: 16129630690356595264

148 diggingrock the Ogre Mage (level 5, -1/50 HPs)
             Began as an Ogre Air Elementalist on Dec 7, 2022.
             Slain by an adder (2 damage)
             ... on level 3 of the Dungeon.
             The game lasted 00:08:44 (3162 turns).

diggingrock the Ogre Mage (Ogre Air Elementalist)   Turns: 3162, Time: 00:08:44

Health: -1/50      AC:  4    Str: 12    XL:     5   Next: 30%
Magic:  9/11       EV:  9    Int: 18    God:
Gold:   122        SH:  0    Dex:  9    Spells: 6/12 levels left

rFire   . . .      SeeInvis .    (no weapon)
rCold   . . .      Faith    .    (no shield)
rNeg    . . .      Spirit   .    a - +0 robe
rPois   .          Reflect  .    (helmet restricted)
rElec   .          Harm     .    h - +0 cloak
rCorr   .          Rampage  .    (gloves unavailable)
Will    .....                    (boots unavailable)
Stlth   +.........               i - amulet of magic regeneration
HPRegen 0.28/turn                (no ring)
MPRegen 0.52/turn                (no ring)

@: no status effects
A: large, unfitting armour, tough skin 1
a: no special abilities


You were on level 3 of the Dungeon.
You visited 1 branch of the dungeon, and saw 3 of its levels.

You collected 174 gold pieces.
You spent 52 gold pieces at shops.

Inventory:

Armour
 a - a +0 robe (worn)
 h - a +0 cloak (worn)
Jewellery
 i - an amulet of magic regeneration (around neck)
Scrolls
 d - 2 scrolls of identify {unknown}
 e - a scroll of blinking {unknown}
 f - a scroll of amnesia {unknown}
 g - 3 scrolls of magic mapping {unknown}
 l - a scroll of vulnerability {unknown}
 o - a scroll of teleportation {unknown}
 p - a scroll of noise {unknown}
Potions
 b - a potion of magic
 c - a potion of brilliance {unknown}
 j - a potion of lignification {unknown}
 k - a potion of cancellation {unknown}
 m - a potion of mutation {unknown}
 n - a potion of attraction {unknown}


   Skills:
 + Level 2.5 Fighting
 + Level 1.8 Dodging
 - Level 1.4 Stealth
 + Level 4.1 Spellcasting
 + Level 2.0 Conjurations
 + Level 3.3 Air Magic


You had 6 spell levels left.
You knew the following spells:

 Your Spells              Type           Power      Damage    Failure   Level
a - Shock                 Conj/Air       52%        1d6       4%          1
b - Static Discharge      Conj/Air       26%        2-4/arc   7%          2
c - Swiftness             Air            15%        N/A       11%         3

Your spell library contained the following spells:

 Spells                   Type           Power      Damage    Failure   Level
 Magic Dart               Conj           44%        1d5       6%          1
 Mephitic Cloud           Conj/Pois/Air  10%        N/A       21%         3
 Call Imp                 Summ           3%         N/A       22%         2
 Airstrike                Air            7%         2d(2-18)  36%         4


Dungeon Overview and Level Annotations

Branches:
Dungeon (3/15)

Altars:
Elyvilon
Hepliaklqana

Shops:
D:1 !

Annotations:
D:3 Ijyb


Innate Abilities, Weirdness & Mutations

You are too large for most types of armour.
You have tough skin. (AC +1)


Message History

Casting: Shock (safe; 4% risk of failure)
Confirm with . or Enter, or press ? or * to list all spells.
Aiming: Shock (safe; 4% risk of failure)
Press: ? - help, Shift-Dir - straight line The zap misses Ijyb.
Ijyb closely misses you.
Casting: Shock (safe; 4% risk of failure)
Confirm with . or Enter, or press ? or * to list all spells.
Aiming: Shock (safe; 4% risk of failure)
Press: ? - help, Shift-Dir - straight line The zap misses Ijyb.
The adder bites you but does no damage. Ijyb hits you with a +0 club.
The adder bites you but does no damage.
Ijyb screams, "Level is mine!
All mine!"
Ijyb zaps a wand.
The bolt of light hits you!!
Casting: Shock (safe; 4% risk of failure)
Confirm with . or Enter, or press ? or * to list all spells.
Aiming: Shock (safe; 4% risk of failure)
Press: ? - help, Shift-Dir - straight line
Okay, then.
The adder bites you but does no damage.
Ijyb zaps a wand.
The bolt of light hits you!
You are confused.
* * * LOW HITPOINT WARNING * * *
You bump into the rock wall.
The adder bites you.
* * * LOW HITPOINT WARNING * * *
The adder attacks as you move away! The adder closely misses you.
You feel less confused. The adder barely misses you.
Casting: Shock (safe; 4% risk of failure)
Confirm with . or Enter, or press ? or * to list all spells.
Aiming: Shock (safe; 4% risk of failure)
Press: ? - help, Shift-Dir - straight line The zap hits the adder.
The adder is heavily wounded.
The zap hits the adder.
The adder is almost dead.
The zap hits Ijyb.
Ijyb is moderately wounded.
The adder bites you.
You die...

#.#.. #.#. ... #.#
#######.#
#.......#
#.##g...# ##S##.#
#.#@.##.##
#........#
#........#
##..####.####.#
#..#.........#
#..#.##.######
##########..#.##.#
#.......##..)....#
####
#.#####.###.#.####
...


You could see Ijyb and an adder.

Vanquished Creatures
  Natasha (thrice) (D:3)
  2 adders (D:2)
  2 worms
  A dart slug (D:3)
  9 orcs (D:3)
  3 endoplasms
  6 goblins
  4 hobgoblins
  3 ball pythons
  2 bats
  2 frilled lizards (D:1)
  2 kobolds (D:1)
  2 rats
41 creatures vanquished.

Vanquished Creatures (others)
  A fungus (D:1)
1 creature vanquished.

Grand Total: 42 creatures vanquished

Notes
Turn   | Place    | Note
-------+----------+-------------------------------------------
     0 | D:1      | diggingrock the Ogre Air Elementalist began the quest for
                  | the Orb.
     0 | D:1      | Reached XP level 1. HP: 16/16 MP: 3/3
    48 | D:1      | Reached skill level 1 in Conjurations
   257 | D:1      | Found a faded altar of an unknown god.
   349 | D:1      | Found Pieviat's Distillery.
   391 | D:1      | Bought a potion of curing for 39 gold pieces
   391 | D:1      | Bought a potion of degeneration for 13 gold pieces
   437 | D:1      | Reached XP level 2. HP: 15/26 MP: 3/5
   684 | D:1      | Reached skill level 1 in Fighting
  1158 | D:2      | Reached skill level 3 in Spellcasting
  1158 | D:2      | Reached XP level 3. HP: 28/33 MP: 0/7
  1222 | D:2      | Learned a level 2 spell: Static Discharge
  1226 | D:2      | Learned a level 3 spell: Swiftness
  2327 | D:3      | HP: 1/35 [dart slug/slug dart (4)]
  2331 | D:3      | Reached XP level 4. HP: 3/42 MP: 1/9
  2708 | D:3      | Found a hazy altar of Hepliaklqana.
  2765 | D:3      | Noticed Natasha
  2780 | D:3      | Killed Natasha
  2801 | D:3      | Noticed Natasha
  2814 | D:3      | Killed Natasha
  2815 | D:3      | Reached skill level 4 in Spellcasting
  2815 | D:3      | Reached XP level 5. HP: 21/50 MP: 7/11
  3003 | D:3      | Noticed Natasha
  3012 | D:3      | Killed Natasha
  3032 | D:3      | Found a white marble altar of Elyvilon.
  3151 | D:3      | Noticed Ijyb
  3160 | D:3      | HP: 1/50 [adder (4)]
  3162 | D:3      | Slain by an adder

Illustrated notes

Levels and vault maps discovered:
D:1:      tarquinn_simple_flora_water_e, layout_basic,
          shapermc_ecumenical_altar_ellora, serial_shops, shop
D:2:      layout_basic
D:3:      layout_loops_cross, mainiacjoe_overflow_chevrons,
          mainiacjoe_overflow_alcove_2, uniq_natasha, uniq_ijyb

Skill      XL: |  1  2  3  4  5 |
---------------+----------------+-----
Conjurations   | 1 2 |  2.0
Fighting       | 1 2 |  2.5
Spellcasting   | 3 4 |  4.1
Air Magic      | 3 |  3.3
Dodging        | |  1.8
Stealth        | |  1.4

Action                   |  1- 3 |  4- 6 || total
-------------------------+-------+-------++-------
Melee: Unarmed           |    50 |       ||    50
 Cast: Shock             |    57 |    48 ||   105
       Static Discharge  |     3 |       ||     3
  Use: Potion            |     1 |       ||     1
Armor: Robe              |    19 |    10 ||    29
Dodge: Dodged            |    30 |    10 ||    40

Table legend: (Time is in decaauts)
 A = Elapsed time spent in this place.
 B = Non-inter-level travel time spent in this place.
 C = Inter-level travel time spent in this place.
 D = Time resting spent in this place.
 E = Time spent auto-exploring this place.
 F = Levels seen in this place.
 G = Mean time per level.
                   A        B        C        D        E       F      G
               +--------+--------+--------+--------+--------+-----+--------+
         Total |   3161 |   2957 |    204 |    489 |   1876 |   3 | 1053.7 |
       Dungeon |   3161 |   2957 |    204 |    489 |   1876 |   3 | 1053.7 |
               +--------+--------+--------+--------+--------+-----+--------+

Top non-repeatable levels by time:
     D:2: 1173 daAuts
     D:1: 1025 daAuts
     D:3: 962 daAuts
